 Dungeon Crawl Stone Soup version 0.30-a0-937-ga0a21ad780 (webtiles) character file.

Game seed: 15019123732877460223

23432 Grumblefizz the Cleaver (level 12, 0/86 HPs)
             Began as a Demonspawn Monk on Mar 24, 2023.
             Was a High Priest of Nemelex Xobeh.
             Slain by a tyrant leech (26 damage)
             ... on level 1 of the Swamp on Mar 25, 2023.
             The game lasted 01:15:02 (10464 turns).

Grumblefizz the Cleaver (Demonspawn Monk)          Turns: 10464, Time: 01:15:02

Health: 0/86       AC:  9    Str: 19    XL:     12   Next: 71%
Magic:  0/27       EV: 14    Int: 11    God:    Nemelex Xobeh [*****.]
Gold:   977        SH:  0    Dex: 16    Spells: 8/19 levels left

rFire   . . .      SeeInvis .    C - +8 war axe of Ysmehat {heavy, rCorr Str-2 Stlth+}
rCold   + . .      Faith    .    (no shield)
rNeg    . . .      Spirit   +    K - +1 steam dragon scales
rPois   +          Reflect  .    G - +2 hat
rElec   .          Rampage  .    u - scarf {repulsion}
rCorr   +                        (no gloves)
Will    .....                    (no boots)
Stlth   ++++                     D - amulet "Yzxujoet" {RegenMP +Blink Fly Str+4 Slay+3}
HPRegen 1.14/turn                a - ring of magical power
MPRegen 0.80/turn                v - ring of poison resistance

@: flying, repel missiles
A: claws 2, powered by death 3, magic shield, magic regeneration, sturdy frame
1, cold resistance 1, regeneration 1, shaggy fur 1, MP-powered wands
a: Renounce Religion, Evoke Blink, Draw Escape, Draw Destruction, Draw
Summoning, Triple Draw, Deal Four, Stack Five


You were on level 1 of the Swamp.
You worshipped Nemelex Xobeh.
Nemelex Xobeh was extremely pleased with you.
You visited 3 branches of the dungeon, and saw 13 of its levels.
You also visited: Sewer and Volcano.

You collected 977 gold pieces.

Inventory:

Hand Weapons
 b - a +3 dire flail of protection
 m - a +1 shortbow of flaming
 q - a +2 long sword of flaming
 C - the +8 war axe of Ysmehat (weapon) {heavy, rCorr Str-2 Stlth+}
   (You found it on level 6 of the Dungeon)

   Str:       It affects your strength (-2).
   rCorr:     It protects you from acid and corrosion.
   Stlth:     It makes you more stealthy.
 I - a +2 rapier of flaming
 J - the +3 Elemental Staff {rElec rF++ rC++ AC+5}
   (You took it off a deep elf pyromancer on level 8 of the Dungeon)

   It enhances your fire, ice, earth and air magic.
   AC:        It affects your AC (+5).
   rF:        It greatly protects you from fire.
   rC:        It greatly protects you from cold.
   rElec:     It insulates you from electricity.
Missiles
 i - 3 atropa-tipped darts
 o - a throwing net
Armour
 u - a scarf of repulsion (worn)
 G - a +2 hat (worn)
 H - a +0 hat
 K - +1 steam dragon scales (worn)
 O - the +15 Maxwell's patent armour {-Cast -Tele rElec Will+ rCorr}
   (You found it on level 1 of the Lair of Beasts)

   rElec:     It insulates you from electricity.
   -Cast:     It prevents spellcasting.
   -Tele:     It prevents most forms of teleportation.
   rCorr:     It protects you from acid and corrosion.
   Will:      It increases your willpower.
Magical Staves
 y - a staff of conjuration
Jewellery
 a - a ring of magical power (left claw)
 d - a ring of protection from fire
 f - a +5 ring of evasion
 v - a ring of poison resistance (right claw)
 D - the amulet "Yzxujoet" (around neck) {RegenMP +Blink Fly Str+4 Slay+3}
   (You found it on level 6 of the Dungeon)

   [amulet of magic regeneration]

   It increases your rate of magic regeneration.
   Str:       It affects your strength (+4).
   Slay:      It affects your accuracy & damage with ranged weapons and melee
   (+3).
   Fly:       It grants you flight.
   +Blink:    It lets you blink.
Wands
 e - a wand of flame (6)
 F - a wand of roots (2)
 P - a wand of paralysis (2)
Scrolls
 g - 3 scrolls of identify
 r - 8 scrolls of immolation
 w - 6 scrolls of fear
 x - a scroll of teleportation
 B - 2 scrolls of amnesia
 M - 2 scrolls of noise {unknown}
Potions
 c - 4 potions of flight
 h - 2 potions of brilliance
 j - 2 potions of invisibility
 k - a potion of lignification
 l - 2 potions of might
 p - a potion of curing
 t - 2 potions of ambrosia
 z - a potion of berserk rage
 A - 2 potions of resistance
 E - a potion of magic {unknown}
 L - a potion of haste {unknown}
 N - a potion of mutation


   Skills:
 + Level 5.2 Fighting
 - Level 3.8 Long Blades
 - Level 10.5(10.8) Axes
 - Level 4.0(9.1) Maces & Flails
 - Level 7.0(7.6) Staves
 - Level 2.0 Ranged Weapons
 + Level 0.0 Armour
 - Level 4.3 Dodging
 - Level 4.3 Stealth
 - Level 3.0 Unarmed Combat
 * Level 4.0 Spellcasting
 * Level 4.2 Conjurations
 - Level 3.0 Hexes
 - Level 3.0 Translocations
 * Level 2.7 Fire Magic
 - Level 2.1 Air Magic
 - Level 6.7 Invocations
 - Level 9.6 Evocations


You had 8 spell levels left.
You knew the following spells:

 Your Spells              Type           Power      Damage    Failure   Level
a - Dazzling Flash        Conj/Hex       20%        N/A       16%         3
b - Shock                 Conj/Air       36%        1d5       6%          1
c - Flame Wave            Conj/Fire      9%         2d6       50%         4
d - Kindle Blastsparks    Fire/Tloc/Air  14%        2d11      24%         3

Your spell library contained the following spells:

 Spells                   Type           Power      Damage    Failure   Level
 Apportation              Tloc           16%        N/A       7%          1
 Inner Flame              Hex/Fire       8%         N/A       22%         3
 Necrotise                Necr           8%         1d4       24%         1
 Summon Small Mammal      Summ           8%         N/A       24%         1
 Swiftness                Air            6%         N/A       30%         3
 Ignite Poison            Fire/Tmut/Pois 4%         N/A       43%         3
 Fulminant Prism          Conj/Hex       5%         3d7       47%         4
 Iskenderun's Mystic Bla  Conj/Tloc      10%        2d4       47%         4
 Sticky Flame             Conj/Fire      9%         2d3       50%         4
 Cause Fear               Hex            4%         N/A       56%         4
 Airstrike                Air            3%         2d(1-17)  69%         4
 Anguish                  Hex/Necr       2%         N/A       77%         4
 Lee's Rapid Deconstruct  Erth           1%         3d4*      100%        5
 Starburst                Conj/Fire      4%         6d4       100%        6
 Dragon Form              Tmut           1%         N/A       100%        7
 Enfeeble                 Hex            4%         N/A       100%        7
 Ignition                 Fire           4%         3d4       100%        8
 Dragon's Call            Summ           1%         N/A       100%        9


Dungeon Overview and Level Annotations

Branches:
Dungeon (9/15)             Temple (0/1) D:7            Lair (3/5) D:9
  Swamp (1/4) Lair:3        Snake (0/4) Lair:2        Sewer (visited)
Volcano (visited)
    Orc: D:9-12

Altars:
Cheibriados
Dithmenos
Fedhas
Kikubaaqudgha
Nemelex Xobeh
Trog
Wu Jian
Yredelemnul

Annotations:
Lair:2 3 runed translucent doors, Twinkles's ghost, journeyman HORe; patfeehan111222's ghost, journeyman MiBe


Innate Abilities, Weirdness & Mutations

You have very sharp fingernails.
You regenerate a lot of health from kills.
When hurt, damage is shared between your health and your magic reserves.
You regenerate magic rapidly.
Your movements are slightly less encumbered by armour. (ER -2)
Your flesh is cold resistant. (rC+)
Your natural rate of healing is unusually fast.
You are covered in fur. (AC +1)
You expend magic power (3 MP) to strengthen your wands.


Message History

The spriggan rider hits you from afar with a +0 spear!
You barely miss the tyrant leech.
The tyrant leech is moderately wounded.
The spriggan rider closely misses you. The tyrant leech bites you!
The tyrant leech draws strength from your injuries!
You draw a card...
You have drawn the Elixir.
You begin rapidly regenerating health and magic.
The bunyip closely misses you.
The bunyip claws you but does no damage.
The bunyip claws you.
The spriggan rider completely misses you.
The tyrant leech misses you.
A swamp worm comes into view.
You slice the bunyip!!
The bunyip is heavily wounded.
You slash the tyrant leech!
The spriggan rider hits you but does no damage.
The tyrant leech bites you!!
The tyrant leech draws strength from your injuries!
You slice the bunyip!!
The bunyip is severely wounded.
You slash the tyrant leech!
The spriggan rider hits you from afar with a +0 spear!!
The bunyip claws you.
The bunyip claws you but does no damage.
The bunyip claws you!! The tyrant leech bites you!!
* * * LOW HITPOINT WARNING * * *
The tyrant leech draws strength from your injuries!
The spriggan rider closely misses you.
Blink to where?
Press: ? - help, Dir - move target
As you read the scroll of blinking, it crumbles to dust.
The tyrant leech bites you!!
* * * LOW HITPOINT WARNING * * *
The tyrant leech draws strength from your injuries!
You feel much better.
The spriggan rider hits you from afar with a +0 spear!!
The tyrant leech bites you!!
You die...
Your body glows slightly and disappears.

♣♣.... ♣..... ~
♣~~~~. ~.
♣..~~♣♣♣♣♣ ~~~
~....~~.♣ §~~~
♣..~~~~♣♣..~
♣..~~~§..♣
♣..xiw@.♣
~.......~~~§..~.♣
~~~~.~♣♣♣.~.~~~.♣
~~~~w~ ♣§.~♣~~♣♣
...~. ♣♣♣~.♣♣♣
.♣♣.~ ..♣ .. ♣♣♣
♣..


You could see a bunyip, a tyrant leech, a spriggan rider and a swamp worm.

Vanquished Creatures
  A two-headed ogre (D:8)
  A catoblepas (Lair:1)
  A death yak (Lair:2)
  Pikel (D:5)
  A lindwurm (Lair:1)
  A bog body (Lair:3)
  A deep elf archer (Volcano)
  6 deep elf pyromancers
  2 ugly things (D:8)
  5 cane toads
  A torpor snail (Lair:2)
  2 gargoyles (D:8)
  2 komodo dragons
  A yaktaur (Lair:2)
  A polar bear (Lair:2)
  A meliai (Lair:2)
  A spriggan (D:7)
  4 wyverns
  Eustachio (D:4)
  5 fire elementals
  7 yaks
  4 steam dragons
  4 nagas (Lair:2)
  5 water moccasins
  4 hell hounds (Volcano)
  3 orc warriors
  A black bear (Lair:2)
  An ogre (D:6)
  3 centaurs
  2 kobold brigands
  16 bullfrogs
  3 scorpions
  5 wights (D:8)
  37 killer bees
  A howler monkey (D:4)
  5 jellies
  A hound (D:7)
  An orc priest (D:9)
  A sleepcap (D:5)
  3 iguanas
  4 orc wizards
  8 gnolls
  8 adders
  3 river rats (Sewer)
  A shadow imp (D:8)
  3 ufetubi
  A worm (D:2)
  4 dart slugs
  25 orcs
  10 ball pythons
  3 endoplasms
  6 giant cockroaches
  3 goblins
  7 hobgoblins
  7 jackals
  A quokka (D:1)
  4 bats
  4 frilled lizards
  19 kobolds
  14 rats
281 creatures vanquished.

Vanquished Creatures (collateral kills)
  A gargoyle (D:8)
  A troll (D:6)
  A basilisk (Lair:2)
  4 yaks (Lair:3)
  A steam dragon (D:8)
  2 swamp worms (Lair:3)
  A water moccasin (Lair:2)
  2 hell hounds (Volcano)
  A black bear (Lair:3)
  2 bullfrogs (Lair:3)
  An electric eel (Lair:3)
  An orc priest (D:6)
  4 orc wizards (D:6)
  An adder (Sewer)
  3 river rats (Sewer)
  A dart slug (D:4)
  6 orcs (D:6)
  4 ball pythons (Sewer)
  2 jackals (D:4)
  7 kobolds
  5 rats (Sewer)
51 creatures vanquished.

Vanquished Creatures (others)
  A steam dragon (D:8)
  14 fungi
  15 plants
30 creatures vanquished.

Grand Total: 362 creatures vanquished

Notes
Turn   | Place    | Note
-------+----------+-------------------------------------------
     0 | D:1      | Grumblefizz the Demonspawn Monk began the quest for the
                  | Orb.
     0 | D:1      | Reached XP level 1. HP: 18/18 MP: 1/1
    93 | D:1      | Reached skill level 1 in Ranged Weapons
   268 | D:1      | Gained mutation: You have sharp fingernails. [demonic
                  | ancestry]
   268 | D:1      | Reached XP level 2. HP: 24/24 MP: 2/2
   854 | D:2      | Found a sparkling altar of Nemelex Xobeh.
   862 | D:2      | Became a worshipper of Nemelex Xobeh the Trickster
   862 | D:2      | Reached * piety under Nemelex Xobeh
   862 | D:2      | Received a gift from Nemelex Xobeh
   862 | D:2      | Reached ** piety under Nemelex Xobeh
  1020 | D:2      | Reached skill level 1 in Spellcasting
  1020 | D:2      | Gained mutation: You regenerate a little health from kills.
                  | [demonic ancestry]
  1020 | D:2      | Reached XP level 3. HP: 17/29 MP: 4/4
  1024 | D:2      | Learned a level 3 spell: Dazzling Flash
  1148 | D:2      | Learned a level 1 spell: Shock
  1355 | D:2      | Reached skill level 1 in Invocations
  1915 | D:3      | Reached XP level 4. HP: 35/35 MP: 5/5
  1921 | D:3      | Received a gift from Nemelex Xobeh
  2263 | D:3      | Found a glowing drain.
  2298 | Sewer    | Entered a sewer
  2303 | Sewer    | Reached *** piety under Nemelex Xobeh
  2303 | Sewer    | Received a gift from Nemelex Xobeh
  2336 | Sewer    | Reached skill level 1 in Evocations
  2356 | Sewer    | Reached skill level 1 in Conjurations
  2356 | Sewer    | Identified the -1 trident of the Postmodern Shrikes {venom,
                  | rF+}
  2427 | Sewer    | Reached XP level 5. HP: 31/41 MP: 7/7
  2541 | Sewer    | Reached skill level 1 in Hexes
  2686 | Sewer    | Reached skill level 1 in Long Blades
  2688 | Sewer    | Gained mutation: You regenerate health from kills. [demonic
                  | ancestry]
  2688 | Sewer    | Reached XP level 6. HP: 39/47 MP: 8/8
  3114 | D:3      | Learned a level 4 spell: Flame Wave
  3181 | D:3      | Found a faded altar of an unknown god.
  3235 | D:3      | Reached skill level 1 in Air Magic
  3593 | D:4      | Noticed Eustachio
  3603 | D:4      | Killed Eustachio
  3604 | D:4      | Gained mutation: You occasionally lose the ability to read
                  | scrolls when taking damage. [potion of mutation]
  3604 | D:4      | Gained mutation: You are dopey. (Int -2) [potion of
                  | mutation]
  3606 | D:4      | Lost mutation: You occasionally lose the ability to read
                  | scrolls when taking damage. [potion of mutation]
  3606 | D:4      | Lost mutation: You are dopey. (Int -2) [potion of mutation]
  3606 | D:4      | Gained mutation: Your natural rate of healing is unusually
                  | fast. [potion of mutation]
  3606 | D:4      | Gained mutation: Your flesh is cold resistant. (rC+)
                  | [potion of mutation]
  3606 | D:4      | Gained mutation: You expend magic power (3 MP) to
                  | strengthen your wands. [potion of mutation]
  3606 | D:4      | Gained mutation: You are covered in fur. (AC +1) [potion of
                  | mutation]
  3718 | D:4      | Received a gift from Nemelex Xobeh
  3880 | D:4      | Noticed Edmund
  3883 | D:4      | Edmund changed into Edmund the scorpion
  3883 | D:4      | Noticed Edmund
  3885 | D:4      | Edmund the scorpion changed into Edmund the jelly
  3885 | D:4      | Noticed Edmund
  3890 | D:4      | Killed Edmund the jelly
  3891 | D:4      | Reached XP level 7. HP: 41/52 MP: 10/10
  4080 | D:4      | Reached **** piety under Nemelex Xobeh
  4094 | D:4      | Found a shadowy altar of Dithmenos.
  4166 | D:4      | Found a blossoming altar of Fedhas.
  4166 | D:4      | Found a sparkling altar of Nemelex Xobeh.
  4166 | D:4      | Found a bloodstained altar of Trog.
  4166 | D:4      | Found an ornate altar of the Wu Jian Council.
  4167 | D:4      | Found a basalt altar of Yredelemnul.
  4169 | D:4      | Found an ancient bone altar of Kikubaaqudgha.
  4299 | D:5      | Entered Level 5 of the Dungeon
  4307 | D:5      | Reached skill level 1 in Maces & Flails
  4400 | D:5      | Received a gift from Nemelex Xobeh
  4488 | D:5      | Noticed Pikel
  4515 | D:5      | Killed Pikel
  4516 | D:5      | Gained mutation: You regenerate magic rapidly. [demonic
                  | ancestry]
  4516 | D:5      | Reached XP level 8. HP: 49/58 MP: 12/12
  5068 | D:6      | Noticed a troll
  5079 | D:6      | Killed a troll
  5083 | D:6      | Received a gift from Nemelex Xobeh
  5097 | D:6      | Reached skill level 5 in Invocations
  5281 | D:6      | Identified the +8 war axe of Ysmehat {heavy, rCorr Str-2
                  | Stlth+}
  5451 | D:6      | Identified the amulet "Yzxujoet" {RegenMP +Blink Fly Str+4
                  | Slay+3}
  5493 | D:6      | Reached skill level 1 in Axes
  5495 | D:6      | Reached skill level 1 in Fire Magic
  5738 | D:6      | Reached skill level 10 in Axes
  5738 | D:6      | Gained mutation: You regenerate a lot of health from kills.
                  | [demonic ancestry]
  5738 | D:6      | Reached XP level 9. HP: 64/64 MP: 13/13
  5960 | D:7      | Gained mutation: You have very sharp fingernails. [demonic
                  | ancestry]
  5960 | D:7      | Reached XP level 10. HP: 67/70 MP: 14/14
  5974 | D:7      | Found a snail-covered altar of Cheibriados.
  5983 | D:7      | Found a staircase to the Ecumenical Temple.
  6449 | D:7      | Received a gift from Nemelex Xobeh
  6801 | D:8      | Learned a level 3 spell: Kindle Blastsparks
  6828 | D:8      | Noticed a white ugly thing
  6828 | D:8      | Noticed a gargoyle
  6828 | D:8      | Noticed a gargoyle
  6832 | D:8      | Killed a gargoyle
  6836 | D:8      | Killed a white ugly thing
  6838 | D:8      | Killed a gargoyle
  6854 | D:8      | Noticed a deep elf pyromancer
  6855 | D:8      | Killed a deep elf pyromancer
  6856 | D:8      | Reached skill level 1 in Translocations
  6909 | D:8      | Noticed a white ugly thing
  6909 | D:8      | Noticed a gargoyle
  6912 | D:8      | Killed a gargoyle
  6919 | D:8      | Killed a white ugly thing
  7114 | D:8      | Received a gift from Nemelex Xobeh
  7121 | D:8      | Reached skill level 1 in Staves
  7159 | D:8      | Noticed a two-headed ogre
  7166 | D:8      | Killed a two-headed ogre
  7167 | D:8      | Gained mutation: Your movements are slightly less
                  | encumbered by armour. (ER -2) [demonic ancestry]
  7167 | D:8      | Reached XP level 11. HP: 72/77 MP: 16/16
  8020 | D:9      | Reached ***** piety under Nemelex Xobeh
  8309 | D:9      | Found a staircase to the Lair.
  8319 | D:9      | Reached skill level 5 in Staves
  8348 | Lair:1   | Entered Level 1 of the Lair of Beasts
  8348 | Lair:1   | Received a gift from Nemelex Xobeh
  8362 | Lair:1   | Noticed a catoblepas
  8367 | Lair:1   | Killed a catoblepas
  8710 | Lair:1   | Found a dark tunnel.
  8710 | Lair:1   | Noticed a lindwurm
  8712 | Lair:1   | Killed a lindwurm
  8722 | Volcano  | Entered a volcano
  8738 | Volcano  | Noticed a deep elf pyromancer
  8742 | Volcano  | Noticed a deep elf pyromancer
  8750 | Volcano  | Noticed a deep elf pyromancer
  8758 | Volcano  | Noticed a deep elf pyromancer
  8759 | Volcano  | Noticed a deep elf pyromancer
  8763 | Volcano  | Killed a deep elf pyromancer
  8768 | Volcano  | Killed a deep elf pyromancer
  8771 | Volcano  | Killed a deep elf pyromancer
  8772 | Volcano  | Reached skill level 5 in Fighting
  8775 | Volcano  | Killed a deep elf pyromancer
  8787 | Volcano  | Killed a deep elf pyromancer
  8788 | Volcano  | Gained mutation: When hurt, damage is shared between your
                  | health and your magic reserves. [demonic ancestry]
  8788 | Volcano  | Reached XP level 12. HP: 86/86 MP: 18/18
  8963 | Lair:1   | Found the +15 Maxwell's patent armour {-Cast -Tele rElec
                  | Will+ rCorr}
  9138 | Lair:1   | Reached skill level 5 in Evocations
  9187 | Lair:1   | Received a gift from Nemelex Xobeh
  9547 | Lair:2   | Found a runed translucent gate.
  9547 | Lair:2   | Found a runed translucent gate.
  9547 | Lair:2   | Found a runed translucent gate.
  9552 | Lair:2   | Noticed patfeehan111222's ghost (journeyman MiBe)
  9552 | Lair:2   | Noticed Twinkles's ghost (journeyman HORe)
  9594 | Lair:2   | Noticed a death yak
  9604 | Lair:2   | Killed a death yak
  9633 | Lair:2   | Found a staircase to the Snake Pit.
  9826 | Lair:2   | Received a gift from Nemelex Xobeh
 10288 | Lair:3   | Noticed an eight-headed hydra
 10437 | Lair:3   | Found a staircase to the Swamp.
 10448 | Swamp:1  | Entered Level 1 of the Swamp
 10454 | Swamp:1  | Noticed a bunyip
 10464 | Swamp:1  | Slain by a tyrant leech

Illustrated notes

Levels and vault maps discovered:
D:1:      ncdulo_lavacross, layout_basic, minmay_tromino_i4
D:2:      layout_loops_corners, basic_altar, serial_rivers,
          chequers_serial_rivers_micro_a, chequers_serial_rivers_marsh,
          chequers_serial_rivers_large_a, chequers_serial_rivers_small_a
D:3:      minmay_angry_zag, layout_rooms, gup_sewer_entry_glass,
          shapermc_ecumenical_altar_pompeii, serial_bayou_crossing
D:4:      layout_basic, minitemple, uniq_eustachio, uniq_edmund
D:5:      layout_loops_ring, minmay_misc_feat_more_columns, uniq_pikel
D:6:      layout_gridville
D:7:      layout_loops_ring, amcnicky_altar_gilded, minmay_temple_entry_slanted,
          the_hattery
D:8:      layout_rooms, dilly_guarded_unrand_elemental_staff
D:9:      kennysheep_steamy, layout_loops_cross, david_lair_shrubbed
Lair:1:   wad_woods_minihive, layout_chaotic_city,
          nicolae_volcano_entry_vermiform, dreamdust_deal_with_the_devil
Lair:2:   layout_cave_shapes, minmay_snake_entry_guardpost_small,
          gammafunk_ghost_cemetery, minmay_hedge_maze, beast_lair_carwin_10,
          grunt_megastairs_5, lemuel_fruit_tree
Lair:3:   layout_misc_corridors, nicolae_swamp_entry_splash_gauntlet,
          minmay_shattered_shrine
Swamp:1:  layout_basic_swamp, infiniplex_staircase_pool_2

Skill      XL: |  1  2  3  4  5  6  7  8  9 10 11 12 |
---------------+-------------------------------------+-----
Ranged Weapons | 1 2 |  2.0
Spellcasting   | 1 2 3 4 |  4.0
Invocations    | 1 2 4 5 6 |  6.7
Stealth        | 2 3 4 |  4.3
Evocations     | 1 3 4 9 |  9.6
Conjurations   | 1 2 3 4 |  4.2
Hexes          | 1 2 3 |  3.0
Long Blades    | 1 2 3 |  3.8
Dodging        | 3 4 |  4.3
Unarmed Combat | 3 |  3.0
Air Magic      | 1 2 |  2.1
Maces & Flails | 3 4 |  4.0
Axes           | 10 | 10.5
Fire Magic     | 1 2 |  2.7
Fighting       | 4 5 |  5.2
Translocations | 1 2 3 |  3.0
Staves         | 2 6 7 |  7.0

Action                     |  1- 3 |  4- 6 |  7- 9 | 10-12 || total
---------------------------+-------+-------+-------+-------++-------
  Melee: Unarmed           |    65 |       |       |       ||    65
         Hand axe          |     4 |       |       |       ||     4
         Punch             |     1 |     3 |     2 |     7 ||    13
         Long sword        |       |   150 |    54 |       ||   204
         War axe           |       |       |     8 |   234 ||   242
         Staff             |       |       |       |    29 ||    29
   Fire: Sling             |    36 |    20 |       |       ||    56
   Cast: Shock             |       |       |     5 |     3 ||     8
         Flame Wave        |       |       |       |     1 ||     1
         Kindle Blastspark |       |       |       |     1 ||     1
 Invoke: Draw Destruction  |     3 |    10 |     5 |    34 ||    52
         Draw Escape       |     1 |       |     1 |     1 ||     3
         Draw Summoning    |       |     5 |     4 |     6 ||    15
  Evoke: Wand              |     1 |     3 |    12 |    28 ||    44
    Use: Potion            |     1 |     3 |     3 |     6 ||    13
         Scroll            |     9 |    11 |     5 |     6 ||    31
   Stab: Sleeping          |     2 |     1 |     5 |     8 ||    16
         Invisible         |       |       |     1 |       ||     1
         Paralysed         |       |       |       |     7 ||     7
         Distracted        |       |       |       |     3 ||     3
 Armour: Robe              |    22 |    71 |    15 |    48 ||   156
         Steam dragon scal |       |       |       |    75 ||    75
  Dodge: Dodged            |    57 |   165 |    37 |   293 ||   552
         Repelled          |       |     1 |     1 |     8 ||    10

Table legend: (Time is in decaauts)
 A = Elapsed time spent in this place.
 B = Non-inter-level travel time spent in this place.
 C = Inter-level travel time spent in this place.
 D = Time resting spent in this place.
 E = Time spent auto-exploring this place.
 F = Levels seen in this place.
 G = Mean time per level.
                   A        B        C        D        E       F      G
               +--------+--------+--------+--------+--------+-----+--------+
         Total |  10717 |  10068 |    649 |   1456 |   5454 |  15 |  714.5 |
       Dungeon |   7721 |   7272 |    449 |   1181 |   4369 |   9 |  857.9 |
          Lair |   1974 |   1774 |    200 |    168 |    839 |   3 |  658.0 |
         Swamp |     17 |     17 |      0 |      0 |      0 |   1 |   17.0 |
         Sewer |    808 |    808 |      0 |    100 |    212 |   1 |  808.0 |
       Volcano |    196 |    196 |      0 |      7 |     34 |   1 |  196.0 |
               +--------+--------+--------+--------+--------+-----+--------+

Top non-repeatable levels by time:
     D:2: 1175 daAuts
  Lair:1: 1010 daAuts
     D:4: 984 daAuts
     D:8: 924 daAuts
     D:7: 875 daAuts
     D:9: 836 daAuts
   Sewer: 808 daAuts
  Lair:2: 784 daAuts
     D:5: 773 daAuts
     D:1: 730 daAuts
     D:3: 722 daAuts
     D:6: 699 daAuts
 Volcano: 196 daAuts
  Lair:3: 179 daAuts
 Swamp:1: 17 daAuts
